 Dungeon Crawl Stone Soup version 0.30-a0-652-gcc886f7154 (webtiles) character file.

Game seed: 3855061667827935806

123798 Newt the Warrior (level 17, -3/115 HPs)
             Began as a Kobold Hunter on Jan 17, 2023.
             Was a Follower of Yredelemnul.
             Shot with an arrow by a salamander (4 damage)
             ... while petrified by Jorgrun
             ... on level 3 of the Snake Pit.
             The game lasted 00:37:47 (32210 turns).

Newt the Warrior (Kobold Hunter)                   Turns: 32210, Time: 00:37:47

Health: -3/115     AC: 21    Str: 11    XL:     17   Next: 46%
Magic:  27/27      EV:  0    Int:  3    God:    Yredelemnul [*.....]
Gold:   421        SH:  0    Dex: 31    Spells: 27/30 levels left

rFire   x . .      SeeInvis +    z - +9 trident of Rakkis {protect, rElec rF- Int-3 SInv}
rCold   + + .      Faith    .    (shield currently unavailable)
rNeg    + + +      Spirit   .    Y - +7 ring mail of the Raven {rC+ Int-5 SInv}
rPois   ∞          Reflect  +    V - +1 hat
rElec   +          Harm     .    v - -1 cloak "Ukkune" {rPois rC+}
rCorr   .          Rampage  .    X - +0 pair of gloves
Will    +....                    (no boots)
Stlth   ++++                     f - amulet of reflection
HPRegen 0.39/turn                u - +4 ring of protection
MPRegen 0.20/turn                j - +6 ring of dexterity

@: petrified, grasped by roots, constricted, studying Fighting
A: small, no large weapons, nightstalker 3, agile 1, inability to drink after
injury 1, sturdy frame 1
a: Renounce Religion, Recall Undead Harvest


You were on level 3 of the Snake Pit.
You worshipped Yredelemnul.
Yredelemnul was pleased with you.
You visited 4 branches of the dungeon, and saw 24 of its levels.
You also visited: Sewer.

You collected 2300 gold pieces.
You spent 1879 gold pieces at shops.

Inventory:

Hand Weapons
 a - a +0 shortbow
 z - the +9 trident of Rakkis (weapon) {protect, rElec rF- Int-3 SInv}
   (You found it on level 5 of the Dungeon)

   Int:       It affects your intelligence (-3).
   rF:        It makes you vulnerable to fire.
   rElec:     It insulates you from electricity.
   SInv:      It lets you see invisible.
Missiles
 d - 4 throwing nets
Armour
 v - the -1 cloak "Ukkune" (worn) {rPois rC+}
   (You found it on level 5 of the Dungeon)

   rC:        It protects you from cold.
   rPois:     It protects you from poison.
 G - the +3 leather armour "Plog" {*Slow rElec Str+2}
   (You bought it in a shop on level 6 of the Dungeon)

   Str:       It affects your strength (+2).
   rElec:     It insulates you from electricity.
   *Slow:     It may slow you when you take damage.
 U - a +2 ring mail of willpower
 V - a +1 hat (worn)
 X - a +0 pair of gloves (worn)
 Y - the +7 ring mail of the Raven (worn) {rC+ Int-5 SInv}
   (You bought it in a shop on level 2 of the Snake Pit)

   Int:       It affects your intelligence (-5).
   rC:        It protects you from cold.
   SInv:      It lets you see invisible.
Jewellery
 f - an amulet of reflection (around neck)
 h - a ring of willpower
 j - a +6 ring of dexterity (right hand)
 s - a ring of poison resistance
 u - a +4 ring of protection (left hand)
 w - a ring of fire
 y - a +6 ring of intelligence
 E - a ring of flight
 F - a ring of positive energy
 H - a +6 ring of dexterity
 K - a ring of resist corrosion
 P - an amulet of guardian spirit
 T - a ring of protection from cold
Wands
 m - a wand of digging (21)
 o - a wand of flame (21)
 r - a wand of iceblast (16)
 t - a wand of light (7)
 C - a wand of mindburst (13)
 I - a wand of paralysis (19)
 Z - a wand of polymorph (5)
Scrolls
 b - 3 scrolls of immolation
 c - 8 scrolls of identify
 g - 11 scrolls of teleportation
 l - 3 scrolls of enchant armour
 n - 2 scrolls of amnesia
 L - 7 scrolls of magic mapping
 M - 6 scrolls of fog
 Q - a scroll of brand weapon
 R - a scroll of poison
 S - 6 scrolls of enchant weapon
Potions
 e - 8 potions of cancellation
 i - 3 potions of haste
 k - 4 potions of invisibility
 p - 4 potions of resistance
 q - 7 potions of magic
 x - 3 potions of berserk rage
 A - 2 potions of flight
 B - 3 potions of heal wounds
 J - 12 potions of curing
 N - a potion of ambrosia
 O - a potion of brilliance
Miscellaneous
 W - a condenser vane


   Skills:
 - Level 16.0 Fighting
 - Level 13.0 Polearms
 - Level 9.3 Ranged Weapons
 - Level 10.0 Armour
 - Level 14.0 Dodging
 - Level 3.0 Stealth
 - Level 7.0 Spellcasting
 - Level 4.0 Hexes
 - Level 12.0 Invocations
 + Level 10.3 Evocations


You had 27 spell levels left.
You knew the following spells:

 Your Spells              Type           Power      Damage    Failure   Level
a - Slow                  Hex            12%        N/A       9%          1
b - Wereblood             Tmut           1%         N/A       54%         2

Your spell library contained the following spells:

 Spells                   Type           Power      Damage    Failure   Level
 Confusing Touch          Hex            3%         N/A       24%         3
 Ensorcelled Hibernation  Hex/Ice        4%         N/A       28%         2
 Beastly Appendage        Tmut           2%         N/A       38%         1
 Necrotise                Necr           4%         1d4       38%         1
 Sandblast                Erth           2%         2d4       38%         1
 Passwall                 Tmut/Erth      0%         N/A       54%         2
 Static Discharge         Conj/Air       2%         2-3/arc   54%         2
 Spider Form              Tmut/Pois      1%         N/A       77%         3
 Stone Arrow              Conj/Erth      2%         3d7       77%         3
 Swiftness                Air            1%         N/A       77%         3
 Vampiric Draining        Necr           1%         2d6       77%         3
 Vhi's Electric Charge    Tloc/Air       2%         N/A       77%         3
 Airstrike                Air            0%         2d(1-17)  99%         4
 Summon Lightning Spire   Summ/Air       1%         N/A       99%         4
 Agony                    Necr           1%         N/A       100%        5
 Arcjolt                  Conj/Air       0%         1d10      100%        5
 Freezing Cloud           Conj/Ice/Air   0%         6-21      100%        5
 Lightning Bolt           Conj/Air       0%         1d11      100%        5
 Haunt                    Necr/Summ      0%         N/A       100%        7
 Infestation              Necr           0%         N/A       100%        8
 Polar Vortex             Ice            0%         N/A       100%        9
 Animate Dead             Necr           Unusable   N/A       N/A         4
 Simulacrum               Ice/Necr       Unusable   N/A       N/A         6

Dungeon Overview and Level Annotations

Branches:
Dungeon (13/15)            Temple (0/1) D:5            Lair (5/5) D:11
  Swamp (0/4) Lair:2        Snake (4/4) Lair:2        Slime (0/5) Lair:4
    Orc (2/2) D:9             Elf (0/3) Orc:2        Vaults (0/5) D:13
  Sewer (visited)

Altars:
Ashenzari
Cheibriados
Dithmenos
Fedhas
Gozag
Makhleb
Okawaru
Qazlal
Ru
Trog
Vehumet
Wu Jian
Xom
Yredelemnul
Jiyva
Lugonu

Shops:
D:6 [*[:   D:10 *   Orc:1 [   Orc:2 [[[![   Snake:2 [?:!

Portals:
Abyss: Lair:4 Lair:5
Trove: D:11 (give +8 demon blade)

Annotations:
D:5 2 runed translucent doors
Snake:3 Jorgrun


Innate Abilities, Weirdness & Mutations

You are small and have problems with some larger weapons.
You are completely attuned to the shadows.
You are agile. (Dex +4, Str/Int -1)
You occasionally lose the ability to drink potions when taking damage.
Your movements are slightly less encumbered by armour. (ER -2)


Message History

The dead are walking!
Jorgrun hits you but does no damage.
The salamander shoots an arrow.
The arrow closely misses you.
Jorgrun casts a spell next to your salamander mystic zombie.
The wall shatters!
The blast of rock fragments hits your salamander mystic zombie!!
Jorgrun casts a spell at you. The iron shot hits you!!
* * * LOW HITPOINT WARNING * * *
Your salamander mystic zombie hits Jorgrun but does no damage.
The salamander shoots an arrow.
The arrow misses you. Jorgrun casts a spell at you.
You are slowing down.
Your salamander mystic zombie misses Jorgrun.
The salamander shoots an arrow.
The arrow hits you.
* * * LOW HITPOINT WARNING * * *
The arrow burns you.
Your limbs are stiffening.
Jorgrun casts a spell at you.
Roots burst forth from the earth!
The grasping roots grab you! The grasping roots constrict you!
* * * LOW HITPOINT WARNING * * *
You have turned to stone.
Jorgrun points next to you and mumbles some strange words.
The wall shatters!
The blast of rock fragments hits you but does no damage.
The grasping roots constrict you.
* * * LOW HITPOINT WARNING * * *
Your salamander mystic zombie hits Jorgrun but does no damage.
The salamander shoots an arrow.
The arrow hits you but does no damage.
You hear a shout! x2
The grasping roots constrict you!!
* * * LOW HITPOINT WARNING * * *
Your salamander mystic zombie closely misses Jorgrun.
The grasping roots constrict you!
* * * LOW HITPOINT WARNING * * *
Your salamander mystic zombie hits the salamander.
The salamander shoots an arrow.
The arrow hits you!
You die...
Your body rises from the dead as a mindless zombie.

####### ######
#.....###....####
######.......<.).....#
##..............)....####
.Z......................#
..Z.[...........Z......##
.##..##############....##
..#..##############.....#
..............g.@...)...#
#...)........N......##..#
#...........Z.....)###.##
#................).....##
..........>.###.).......#
..........).............##
....Z####................#
....## ###.......##.....#
...## #.....#####...##


You could see Jorgrun (ally target), a salamander and a friendly salamander
mystic zombie.

Vanquished Creatures
  Gastronok (D:12)
  Frances (D:12)
  The ghost of Zoap the Impregnable, a journeyman MiBe of Trog (Orc:1)
  Josephine (D:10)
  Fannar (D:12)
  A vault guard (D:13)
  5 hydras
  2 anacondas (Snake:2)
  A centaur warrior (D:8)
  An alligator snapping turtle (Snake:1)
  5 boulder beetles
  A tengu warrior (D:13)
  4 naga warriors
  3 two-headed ogres
  A death yak (Lair:3)
  6 orc high priests
  4 thrashing horrors (Lair:5)
  A naga sharpshooter (Snake:2)
  3 salamander mystics
  Amaemon (D:11)
  A goliath frog (Snake:1)
  A naga ritualist (Snake:2)
  3 sea snakes
  4 orc knights
  2 mana vipers
  A deep elf pyromancer (D:13)
  3 ugly things
  2 manticores
  4 orc sorcerers
  4 salamanders
  5 cyclopes
  24 black mambas
  3 guardian serpents
  15 elephants
  4 slime creatures (D:13)
  2 naga magi
  2 smoke demons (Lair:5)
  An orange demon (D:11)
  2 rime drakes
  A gargoyle (D:12)
  7 cane toads
  An unseen horror (D:11)
  Maggie (D:6)
  A kobold demonologist (D:10)
  A yaktaur (D:13)
  3 komodo dragons
  A tengu conjurer (D:13)
  An ancient zyme (Lair:5)
  2 trolls
  20 blink frogs
  3 dream sheep (Lair:4)
  Sigmund (D:2)
  2 shadows
  7 wyverns
  A spriggan (Lair:5)
  21 yaks
  A vampire (D:12)
  2 ynoxinuls (Lair:5)
  3 small abominations (Lair:5)
  7 wraiths
  A human (D:4)
  A large abomination (Lair:5)
  4 basilisks
  A chaos spawn (Lair:5)
  2 steam dragons
  2 wargs
  15 nagas
  13 water moccasins
  2 acid dragons
  5 sky beasts
  13 orc warriors
  6 ogres
  4 boggarts (D:9)
  13 centaurs
  12 wolves
  2 phantoms (D:5)
  5 kobold brigands
  2 necrophages
  3 gnoll sergeants
  7 bullfrogs
  6 scorpions
  17 wights
  2 killer bees (D:8)
  2 howler monkeys
  An electric eel (Snake:1)
  5 hounds
  2 jellies
  13 orc priests
  3 gnoll boudas
  12 orc wizards
  4 iguanas
  27 gnolls
  10 adders
  5 river rats (D:4)
  2 shadow imps (D:7)
  6 white imps
  An ufetubus (D:5)
  3 worms
  3 dart slugs (D:2)
  55 orcs
  6 ball pythons
  9 bats
  11 endoplasms
  7 giant cockroaches
  6 goblins
  7 hobgoblins
  11 jackals
  27 kobolds
  6 quokkas
  9 frilled lizards
  2 kobold zombies (D:4)
  10 rats
  A lurking horror (Lair:4)
618 creatures vanquished.

Vanquished Creatures (collateral kills)
  A nagaraja (Snake:2)
  A dire elephant (Lair:3)
  2 hydras
  A centaur warrior (D:13)
  2 alligators (Snake:1)
  2 alligator snapping turtles (Snake:1)
  A two-headed ogre (D:10)
  4 naga warriors
  2 naga sharpshooters
  2 death yaks (Lair:3)
  3 shock serpents (Snake:2)
  A goliath frog (Snake:1)
  A naga ritualist (Snake:2)
  2 orc knights (Orc:2)
  A mana viper (Snake:2)
  A wolf spider (Lair:5)
  A phantasmal warrior (Snake:3)
  An ugly thing (Lair:5)
  A cyclops (D:12)
  2 salamanders
  10 elephants
  Joseph (D:10)
  2 guardian serpents
  A smoke demon (Lair:5)
  3 naga magi
  10 black mambas
  A torpor snail (Lair:4)
  6 cane toads
  A komodo dragon (Lair:4)
  A tengu conjurer (D:13)
  10 blink frogs
  A hornet (D:8)
  A snapping turtle (Snake:1)
  7 dream sheep
  2 wyverns
  A spriggan (Lair:3)
  5 basilisks
  17 yaks
  3 nagas
  2 acid dragons
  4 water moccasins
  8 orc warriors
  6 small abominations (Lair:5)
  A centaur (D:9)
  An ogre (Orc:1)
  6 wolves
  2 bullfrogs
  2 gnoll sergeants
  A killer bee (D:8)
  An electric eel (Lair:3)
  5 orc priests
  A jelly (D:8)
  A gnoll bouda (D:9)
  2 orc wizards (Orc:2)
  10 gnolls
  A white imp (D:5)
  17 orcs
  3 butterflies (Lair:3)
189 creatures vanquished.

Vanquished Creatures (others)
  A boulder beetle (D:13)
  A spectral alligator snapping turtle (Snake:1)
  An anaconda zombie (Snake:2)
  A spectral swamp worm (Orc:2)
  Maurice (D:12)
  A shock serpent zombie (Snake:2)
  A sea snake zombie (Snake:1)
  A boulder beetle zombie (D:13)
  2 guardian serpent zombies
  2 alligator zombies (Snake:1)
  A slime creature zombie (D:13)
  11 black mamba zombies
  A spectral orange demon (D:11)
  A spectral smoke demon (Lair:5)
  An elephant zombie (Lair:3)
  A dream sheep zombie (Lair:5)
  A snapping turtle zombie (Snake:1)
  4 blink frog zombies
  2 spectral ynoxinuls (Lair:5)
  2 salamander zombies
  A wyvern zombie (Lair:5)
  A cyclops zombie (D:13)
  A water moccasin zombie (Lair:3)
  3 yak zombies
  A spriggan zombie (Lair:5)
  11 naga zombies
  2 tengu zombies (D:13)
  5 wolf zombies
  7 centaur zombies
  2 basilisk zombies
  2 boggart zombies (D:9)
  2 scorpion zombies
  3 killer bee zombies (D:8)
  2 ogre zombies
  A hound zombie (D:6)
  2 spectral white imps
  An iguana zombie (D:7)
  An orc (D:10)
  11 gnoll zombies
  A jackal zombie (D:5)
  A kobold zombie (D:9)
  49 orc zombies
  A quokka zombie (D:5)
  144 fungi
  200 plants
492 creatures vanquished.

Grand Total: 1299 creatures vanquished

Notes
Turn   | Place    | Note
-------+----------+-------------------------------------------
     0 | D:1      | Newt the Kobold Hunter began the quest for the Orb.
     0 | D:1      | Reached XP level 1. HP: 12/12 MP: 1/1
   143 | D:1      | Reached XP level 2. HP: 17/17 MP: 2/2
   450 | D:1      | Reached skill level 3 in Fighting
   450 | D:1      | Reached XP level 3. HP: 23/23 MP: 3/3
   590 | D:1      | Found a faded altar of an unknown god.
   913 | D:2      | Found a sacrificial altar of Ru.
  1013 | D:2      | Noticed Sigmund
  1039 | D:2      | Gained mutation: You occasionally shout uncontrollably at
                  | your foes. [potion of mutation]
  1046 | D:2      | Killed Sigmund
  1047 | D:2      | Reached skill level 4 in Fighting
  1047 | D:2      | Reached XP level 4. HP: 9/29 MP: 4/4
  1047 | D:2      | Reached XP level 5. HP: 11/33 MP: 5/5
  1047 | D:2      | Reached XP level 6. HP: 12/38 MP: 6/6
  1762 | D:3      | Learned a level 1 spell: Slow
  2265 | D:3      | Found a burning altar of Makhleb.
  2293 | D:3      | Found a blossoming altar of Fedhas.
  2393 | D:3      | Found a bloodstained altar of Trog.
  2802 | D:4      | Reached XP level 7. HP: 24/43 MP: 7/7
  2817 | D:4      | Lost mutation: You occasionally shout uncontrollably at
                  | your foes. [potion of mutation]
  2817 | D:4      | Gained mutation: You are vulnerable to heat. (rF-) [potion
                  | of mutation]
  2817 | D:4      | Gained mutation: You occasionally shout uncontrollably at
                  | your foes. [potion of mutation]
  2817 | D:4      | Gained mutation: You are weak. (Str -2) [potion of
                  | mutation]
  2817 | D:4      | Lost mutation: You are weak. (Str -2) [potion of mutation]
  2892 | D:4      | Reached skill level 1 in Hexes
  3091 | D:4      | Found a glowing drain.
  3097 | Sewer    | Entered a sewer
  3633 | Sewer    | Reached XP level 8. HP: 32/36 MP: 8/8
  3812 | D:4      | Found an ornate altar of the Wu Jian Council.
  3864 | D:4      | Noticed a human
  3865 | D:4      | Found a runed translucent door.
  3869 | D:4      | Found a basalt altar of Yredelemnul.
  4013 | D:4      | Found an opulent altar of Gozag.
  4206 | D:5      | Entered Level 5 of the Dungeon
  4335 | D:5      | Reached skill level 5 in Dodging
  4494 | D:5      | Identified the +9 trident of Rakkis {protect, rElec rF-
                  | Int-3 SInv}
  4578 | D:5      | Reached skill level 1 in Polearms
  4637 | D:4      | Killed a human
  4653 | D:4      | Became a worshipper of Yredelemnul the Dark
  4697 | D:5      | Found a shimmering altar of Xom.
  4746 | D:5      | Reached * piety under Yredelemnul
  4872 | D:5      | Found a large runed translucent door.
  4873 | D:5      | Found a large runed translucent door.
  4878 | D:5      | Found a large runed translucent door.
  4884 | D:5      | Found a large runed translucent door.
  4976 | D:5      | Reached ** piety under Yredelemnul
  5069 | D:5      | Found a staircase to the Ecumenical Temple.
  5083 | D:5      | Reached XP level 9. HP: 52/52 MP: 9/9
  5401 | D:5      | Reached skill level 5 in Polearms
  5417 | D:5      | Identified the -1 cloak "Ukkune" {rPois rC+}
  5663 | D:5      | Reached *** piety under Yredelemnul
  5718 | D:6      | Found Qieb's General Store.
  5731 | D:6      | Bought a scroll of identify for 30 gold pieces
  5731 | D:6      | Bought a scroll of identify for 30 gold pieces
  5757 | D:6      | Found Kouruh's Antique Armour Shop.
  5995 | D:6      | Found an iron altar of Okawaru.
  6003 | D:6      | Noticed Maggie
  6040 | D:6      | Killed Maggie
  6041 | D:6      | Reached XP level 10. HP: 34/56 MP: 10/10
  6582 | D:6      | Found Tegrar's Armour Boutique.
  6705 | D:6      | Found Ete Poyck's Book Emporium.
  6743 | D:6      | Found a sacrificial altar of Ru.
  7272 | D:6      | Bought an ichor-stained leather armour for 245 gold pieces
  7272 | D:6      | Identified the +3 leather armour "Plog" {*Slow rElec Str+2}
                  | (You bought it in a shop on level 6 of the Dungeon)
  7350 | D:7      | Noticed a komodo dragon
  7360 | D:7      | Killed a komodo dragon
  7361 | D:7      | Reached skill level 5 in Fighting
  7586 | D:7      | Lost mutation: You are vulnerable to heat. (rF-) [potion of
                  | mutation]
  7586 | D:7      | Lost mutation: You occasionally shout uncontrollably at
                  | your foes. [potion of mutation]
  7586 | D:7      | Gained mutation: You are agile. (Dex +4, Str/Int -1)
                  | [potion of mutation]
  7586 | D:7      | Gained mutation: Your movements are slightly less
                  | encumbered by armour. (ER -2) [potion of mutation]
  7586 | D:7      | Gained mutation: You occasionally lose the ability to drink
                  | potions when taking damage. [potion of mutation]
  7780 | D:7      | Reached skill level 6 in Fighting
  7938 | D:7      | Reached skill level 7 in Fighting
  8549 | D:8      | Noticed a centaur warrior
  8560 | D:8      | Killed a centaur warrior
  8561 | D:8      | Reached skill level 8 in Fighting
  8688 | D:8      | Noticed a manticore
  8694 | D:8      | Killed a manticore
  8695 | D:8      | Reached XP level 11. HP: 68/68 MP: 11/11
  8754 | D:8      | Found a stormy altar of Qazlal.
  9012 | D:8      | Found a snail-covered altar of Cheibriados.
  9041 | D:8      | Found a radiant altar of Vehumet.
  9451 | D:8      | Reached skill level 1 in Armour
  9464 | D:8      | Reached **** piety under Yredelemnul
  9468 | D:8      | Reached ***** piety under Yredelemnul
  9684 | D:9      | Noticed a manticore
  9698 | D:9      | Killed a manticore
  9841 | D:9      | Found a staircase to the Orcish Mines.
 10395 | D:9      | Paralysed by a hornet for 2 turns
 10397 | D:9      | Noticed a two-headed ogre
 10646 | D:9      | Found a broken altar of Ashenzari.
 10823 | D:10     | Entered Level 10 of the Dungeon
 10917 | D:10     | Reached skill level 5 in Armour
 11078 | D:10     | Noticed a two-headed ogre
 11091 | D:10     | Killed a two-headed ogre
 11562 | D:10     | Found a shadowy altar of Dithmenos.
 11613 | D:10     | Noticed Joseph
 11621 | D:10     | Killed Joseph
 11664 | D:10     | Found Axkeap's General Store.
 11768 | D:11     | Reached skill level 5 in Invocations
 11768 | D:11     | Noticed Amaemon
 11790 | D:11     | Killed Amaemon
 11791 | D:11     | Reached XP level 12. HP: 62/73 MP: 15/15
 11933 | D:11     | Noticed a two-headed ogre
 11948 | D:11     | Killed a two-headed ogre
 12001 | D:11     | Noticed a four-headed hydra
 12014 | D:11     | Killed a four-headed hydra
 12015 | D:11     | Reached skill level 10 in Polearms
 12469 | D:10     | Learned a level 2 spell: Wereblood
 12497 | D:11     | Noticed Josephine
 12519 | D:10     | Killed Josephine
 12770 | D:11     | Found a staircase to the Lair.
 12825 | D:11     | Noticed a two-headed ogre
 12834 | D:11     | Killed a two-headed ogre
 12870 | D:11     | Noticed a boulder beetle
 12899 | D:11     | Killed a boulder beetle
 13222 | D:11     | Found a portal to a secret trove of treasure.
 13710 | D:12     | Noticed Frances
 13724 | D:12     | Killed Frances
 13954 | D:12     | Noticed a boulder beetle
 13984 | D:12     | Killed a boulder beetle
 14098 | D:12     | Noticed a boulder beetle
 14124 | D:12     | Killed a boulder beetle
 14125 | D:12     | Reached XP level 13. HP: 76/78 MP: 16/16
 14175 | D:12     | Noticed Gastronok
 14192 | D:12     | Killed Gastronok
 14336 | D:12     | Noticed Fannar
 14350 | D:12     | Killed Fannar
 14394 | D:12     | Noticed Maurice
 14401 | D:12     | Killed Maurice
 15267 | D:13     | Noticed a centaur warrior
 15275 | D:13     | Killed a centaur warrior
 15615 | D:13     | Noticed a vault guard
 15641 | D:13     | Reached skill level 1 in Evocations
 15684 | D:13     | Killed a vault guard
 15839 | D:13     | Found a gate to the Vaults.
 16074 | Lair:1   | Entered Level 1 of the Lair of Beasts
 16269 | Lair:1   | Reached skill level 5 in Evocations
 16550 | D:6      | Bought a scroll of acquirement for 780 gold pieces
 16551 | D:6      | Acquired a manual of Fighting
 16820 | Lair:1   | Reached XP level 14. HP: 84/84 MP: 17/17
 17040 | Lair:1   | Reached skill level 9 in Fighting
 17217 | Lair:1   | Reached skill level 10 in Fighting
 17590 | Lair:2   | Reached skill level 11 in Fighting
 17925 | Lair:2   | Found a staircase to the Snake Pit.
 18040 | Lair:2   | Reached skill level 12 in Fighting
 18382 | Lair:2   | Reached skill level 13 in Fighting
 18688 | Lair:2   | Reached skill level 14 in Fighting
 18720 | Lair:2   | Reached ****** piety under Yredelemnul
 18810 | Lair:2   | Found a staircase to the Swamp.
 19211 | Lair:3   | Identified the +6 scimitar "Zemount" {antimagic, rElec
                  | Str+5}
 19805 | Lair:3   | Noticed a dire elephant
 19822 | Lair:3   | Killed a dire elephant
 19847 | Lair:3   | Reached skill level 15 in Fighting
 19852 | Lair:3   | Reached XP level 15. HP: 75/103 MP: 18/21
 20560 | Lair:4   | Found a one-way gate to the infinite horrors of the Abyss.
 20562 | Lair:4   | Found a corrupted altar of Lugonu.
 20691 | Lair:4   | Reached skill level 16 in Fighting
 20935 | Lair:4   | Reached skill level 10 in Invocations
 21201 | Lair:4   | Found a viscous altar of Jiyva.
 21201 | Lair:4   | Found a staircase to the Slime Pits.
 21855 | Lair:5   | Entered Level 5 of the Lair of Beasts
 22748 | Lair:5   | Found a corrupted altar of Lugonu.
 23209 | Lair:5   | Reached skill level 10 in Evocations
 23367 | Lair:5   | Reached XP level 16. HP: 108/110 MP: 25/25
 23796 | Orc:1    | Entered Level 1 of the Orcish Mines
 24003 | Orc:1    | Found Eraiq's Armour Shoppe.
 24064 | Orc:2    | Entered Level 2 of the Orcish Mines
 24078 | Orc:2    | Reached skill level 10 in Dodging
 24414 | Orc:2    | Found a staircase to the Elven Halls.
 24723 | Orc:2    | Found Hiesapsuy's Antique Armour Shop.
 24729 | Orc:2    | Bought a translucent chain mail for 228 gold pieces
 24729 | Orc:2    | Identified the +1 chain mail of Vuhuwoul {rCorr SInv} (You
                  | bought it in a shop on level 2 of the Orcish Mines)
 25259 | Orc:2    | Paralysed by an orc sorcerer for 4 turns
 25273 | Orc:2    | HP: 5/103 [poisoned by an orange demon]
 25801 | Orc:2    | Found Orajac's Distillery.
 25803 | Orc:2    | Found Duelisa's Armour Shop.
 25803 | Orc:2    | Found Pusmost's Armour Shoppe.
 25806 | Orc:2    | Found Kugod's Armour Shoppe.
 25815 | Orc:2    | Bought a +0 kite shield of protection for 172 gold pieces
 26203 | Orc:1    | Found a runed translucent gate.
 26203 | Orc:1    | Found a runed translucent gate.
 26204 | Orc:1    | Found a runed translucent gate.
 26204 | Orc:1    | Noticed Zoap's ghost (journeyman MiBe)
 26375 | Orc:1    | Killed Zoap's ghost
 26700 | Snake:1  | Entered Level 1 of the Snake Pit
 29179 | Snake:2  | Found Nabrin's Magic Scroll Shop.
 29182 | Snake:2  | Found Zanlu's Distillery.
 29182 | Snake:2  | Found Xecoybb's Antique Armour Shop.
 29191 | Snake:2  | Found Kabul's Book Boutique.
 29193 | Snake:2  | Bought a potion of heal wounds for 70 gold pieces
 29199 | Snake:2  | Bought a slimy ring mail for 324 gold pieces
 29199 | Snake:2  | Identified the +7 ring mail of the Raven {rC+ Int-5 SInv}
                  | (You bought it in a shop on level 2 of the Snake Pit)
 29221 | Snake:2  | Paralysed by a salamander for 4 turns
 29596 | Snake:2  | Reached XP level 17. HP: 115/115 MP: 26/26
 29899 | Snake:2  | Reached skill level 10 in Armour
 29899 | Snake:2  | Reached skill level 1 in Spellcasting
 30714 | Snake:3  | Reached skill level 5 in Spellcasting
 31898 | Snake:3  | Noticed Jorgrun
 31971 | Snake:4  | Entered Level 4 of the Snake Pit
 32208 | Snake:3  | HP: 4/115 [constriction (10)]
 32209 | Snake:3  | HP: 1/115 [constriction (4)]
 32210 | Snake:3  | Shot with an arrow by a salamander

Illustrated notes

Levels and vault maps discovered:
D:1:      wander_arrival_estate, layout_rooms, basic_ecumenical_altar,
          nicolae_concentric_dashed_squares_mild, lexackson_kobold_supper
D:2:      minmay_door_path, layout_loops_ring, basic_altar,
          chequers_serial_rivers_micro_e, uniq_sigmund
D:3:      layout_loops_corners, trog_three_pillars_becter,
          mainiacjoe_overflow_catch_the_wave
D:4:      minmay_evil_eye, layout_basic, dk_yredelemnul_ordeal,
          nicolae_overflow_hidden_temple, overflow_temple_1_default,
          lightli_sewer_entry_pipes
D:5:      layout_loops_ring, mainiacjoe_overflow_tiny_flanked,
          minmay_temple_entry_glass, minmay_hollow_rounded_squares
D:6:      layout_basic, mainiacjoe_overflow_concentric_impassable,
          kennysheep_mini, serial_shops, shop_fountains, shop,
          nicolae_stop_n_shop_2, nicolae_shop_crystal,
          minmay_misc_feat_four_crosses, uniq_maggie
D:7:      wad_crossroads, layout_loops_ring, kennysheep_small_circle
D:8:      minmay_opposing_rooms, layout_basic, kennysheep_mini_moat,
          mainiacjoe_overflow_catwalk, mainiacjoe_overflow_paths
D:9:      layout_irregular_city, mainiacjoe_overflow_chevrons, erik_orc_4
D:10:     layout_rooms, nicolae_dithmenos_through_a_glass_darkly, serial_shops,
          nicolae_stop_n_shop_2, uniq_joseph
D:11:     layout_loops_ring, david_lair_shrubbed, enter_trove_6, uniq_amaemon,
          uniq_josephine
D:12:     layout_irregular_city, uniq_frances, uniq_gastronok, uniq_maurice,
          uniq_fannar
D:13:     layout_basic, david_vaults_5
Lair:1:   layout_gridlike, serial_rivers, chequers_serial_rivers_micro_e,
          chequers_serial_rivers_micro_a, chequers_serial_rivers_room_b,
          chequers_serial_rivers_small_b, chequers_serial_rivers_large_b,
          chequers_serial_rivers_large_a
Lair:2:   layout_gridlike, minmay_swamp_entry_worms, guppyfry_snake_entry_garden
Lair:3:   mu_elephants_graveyard, layout_cellular_growth, lemuel_fruit_fields,
          infiniplex_staircase_pool
Lair:4:   layout_cave_pods, dpeg_slime_entry_enclosed,
          amcnicky_altar_lugonu_corruption, serial_bayou_shore_b,
          grunt_megastairs_3
Lair:5:   hellmonk_lair_end_abyssal_woods, layout_cave_pods, lemuel_fruit_tree
Snake:1:  layout_honeycomb, nicolae_snake_herptile_family_reunion
Snake:2:  nrook_guardian_serpent_snake_passage, layout_rooms, minmay_shoptagon,
          serial_bayou_shore_a
Snake:3:  nicolae_snake_nest, layout_grid_shapes,
          nicolae_snake_ghostly_warrior_ritual, uniq_jorgrun
Snake:4:  johnstein_snake_rune_scales, layout_cave_town, basic_altar,
          nicolae_snake_slithery_corners, nicolae_snake_salamander_zone,
          uniq_roxanne
Orc:1:    layout_diamond_mine, serial_shops, nicolae_shop_hallway_stairs,
          ebering_ghost_rock_garden, uniq_urug
Orc:2:    grunt_orc_tribal_feast, layout_diamond_mine, serial_shops, shop

Skill      XL: |  1  2  3  4  5  6  7  8  9 10 11 12 13 14 15 16 17 |
---------------+----------------------------------------------------+-----
Stealth        | 2 3 |  3.0
Fighting       | 3 4 8 15 16 | 16.0
Ranged Weapons | 7 9 |  9.3
Hexes          | 4 |  4.0
Dodging        | 3 5 7 9 14 | 14.0
Polearms       | 4 7 9 12 13 | 13.0
Armour         | 5 8 9 10 | 10.0
Invocations    | 5 9 12 | 12.0
Evocations     | 5 10 | 10.3
Spellcasting   | 7 |  7.0

Action                   |  1- 3 |  4- 6 |  7- 9 | 10-12 | 13-15 | 16-18 || total
-------------------------+-------+-------+-------+-------+-------+-------++-------
Melee: Trident           |       |       |   153 |   750 |  1057 |  1005 ||  2965
 Fire: Shortbow          |    86 |    95 |   159 |       |       |       ||   340
 Cast: Slow              |       |     1 |       |       |       |       ||     1
Invok: Recall Undead Har |       |       |       |       |     3 |     7 ||    10
       Bind Soul         |       |       |       |       |     1 |     1 ||     2
       Dark Bargain      |       |       |       |       |       |     1 ||     1
Evoke: Wand              |       |       |       |       |       |     5 ||     5
  Use: Potion            |     3 |       |     6 |     1 |     3 |     2 ||    15
       Scroll            |     2 |     7 |     9 |     3 |     7 |     4 ||    32
 Stab: Sleeping          |       |       |     8 |    38 |    38 |    18 ||   102
       Distracted        |       |       |     4 |     9 |    30 |    16 ||    59
Armor: Leather armour    |     8 |     1 |       |    91 |   175 |    70 ||   345
       Scale mail        |       |    23 |    85 |    23 |       |       ||   131
       Ring mail         |       |       |       |       |       |    50 ||    50
Dodge: Dodged            |    34 |    46 |   127 |   502 |   715 |   707 ||  2131
Block: Other             |       |       |       |       |     2 |   143 ||   145
       Reflection        |       |       |       |       |       |     5 ||     5

Table legend: (Time is in decaauts)
 A = Elapsed time spent in this place.
 B = Non-inter-level travel time spent in this place.
 C = Inter-level travel time spent in this place.
 D = Time resting spent in this place.
 E = Time spent auto-exploring this place.
 F = Levels seen in this place.
 G = Mean time per level.
                   A        B        C        D        E       F      G
               +--------+--------+--------+--------+--------+-----+--------+
         Total |  31637 |  30172 |   1465 |   5234 |  20079 |  25 | 1265.5 |
       Dungeon |  15643 |  14685 |    958 |   1650 |  10442 |  13 | 1203.3 |
          Lair |   7358 |   7089 |    269 |    276 |   5833 |   5 | 1471.6 |
     Snake Pit |   5318 |   5241 |     77 |   1959 |   2539 |   4 | 1329.5 |
  Orcish Mines |   2657 |   2498 |    159 |   1067 |   1028 |   2 | 1328.5 |
         Sewer |    660 |    660 |      0 |    282 |    235 |   1 |  660.0 |
               +--------+--------+--------+--------+--------+-----+--------+

Top non-repeatable levels by time:
 Snake:1: 2373 daAuts
 Snake:2: 1972 daAuts
  Lair:5: 1715 daAuts
  Lair:2: 1633 daAuts
     D:6: 1569 daAuts
   Orc:2: 1540 daAuts
    D:11: 1490 daAuts
  Lair:4: 1426 daAuts
     D:5: 1413 daAuts
    D:10: 1412 daAuts
  Lair:1: 1356 daAuts
     D:9: 1282 daAuts
    D:12: 1264 daAuts
  Lair:3: 1224 daAuts
     D:8: 1181 daAuts
